 Dungeon Crawl Stone Soup version 0.31.0-9-g3a7656b989 (webtiles) character file.

Game seed: 18262326509044852277

107 Gottschkopf the Conjurer (level 4, -1/24 HPs)
             Began as a Deep Elf Conjurer on Jan 29, 2024.
             Was a Priest of Jiyva.
             Slain by Grinder (6 damage)
             ... on level 4 of the Dungeon.
             The game lasted 00:06:19 (2374 turns).

Gottschkopf the Conjurer (Deep Elf Conjurer)        Turns: 2374, Time: 00:06:20

Health: -1/24      AC:  3    Str:  4    XL:     4   Next: 56%
Magic:  2/10       EV: 12    Int: 25    God:    Jiyva [***...]
Gold:   125        SH:  8    Dex: 13    Spells: 2/9 levels left

rFire   . . .        (no weapon)
rCold   . . .        (no shield)
rNeg    . . .        a - +0 robe
rPois   .            (no helmet)
rElec   .            (no cloak)
rCorr   +            (no gloves)
SInv    .            (no boots)
Will    .....        (no amulet)
Stlth   ++           (no ring)
HPRegen 1.36/turn    (no ring)
MPRegen 0.68/turn

%: no passive effects
@: lethally poisoned (-1 -> -3), very slightly contaminated
A: large bone plates 3, shaggy fur 1
a: Renounce Religion, Oozemancy


You were on level 4 of the Dungeon.
You worshipped Jiyva.
Jiyva was most pleased with you.
You visited 1 branch of the dungeon, and saw 4 of its levels.

You collected 125 gold pieces.

Inventory:

Armour
 a - a +0 robe (worn)
Scrolls
 c - a scroll of vulnerability {unknown}
 e - a scroll of noise {unknown}
 i - a scroll of identify {unknown}
Potions
 b - a potion of magic
 d - a potion of might {unknown}
 f - a potion of attraction {unknown}
 g - a potion of curing {unknown}
 h - a potion of degeneration {unknown}
 j - a potion of heal wounds {unknown}


   Skills:
 + Level 2.6 Dodging
 - Level 2.4 Stealth
 - Level 3.0 Spellcasting
 * Level 6.4 Conjurations
 + Level 0.6 Alchemy


You had 2 spell levels left.
You knew the following spells:

 Your Spells              Type           Power      Damage    Failure   Level
a - Magic Dart            Conj           100%       1d8       1%          1
b - Searing Ray           Conj           72%        2d7       1%          2
c - Fulminant Prism       Conj/Alch      10%        3d9       22%         4

Your spell library contained the following spells:

 Spells                   Type           Power      Damage    Failure   Level
 Iskenderun's Mystic Bla  Conj/Tloc      19%        2d6       26%         4
 Arcjolt                  Conj/Air       9%         1d19      58%         5
 Vhi's Electric Charge    Tloc/Air       6%         N/A       69%         4
 Plasma Beam              Fire/Air       1%         2x1d11    100%        6


Dungeon Overview and Level Annotations

Branches:
Dungeon (4/15)
 Temple: D:4-7

Altars:
Jiyva

Annotations:
D:3 2 transporters, chipmonk's ghost, amateur GrEE
D:4 Grinder


Innate Abilities, Weirdness & Mutations

You are completely covered in large bone plates. (SH +8)
You are covered in fur. (AC +1)


Message History

You kill the gnoll!
You feel sick.
Casting: Magic Dart (safe; 1% risk of failure)
Confirm with . or Enter, or press ? or * to list all spells.
The magic dart hits Grinder.
Grinder is lightly wounded.
You feel sick.
Casting: Magic Dart (safe; 1% risk of failure)
Confirm with . or Enter, or press ? or * to list all spells.
Aiming: Fulminant Prism (astonishingly dangerous; 22% risk of failure)
Press: ? - help, Dir - move target, p - Grinder You miscast Fulminant Prism.
You are very lightly contaminated with residual magic.
There is a flash of cinnabar.
You are more poisoned.
You feel very sick.
Grinder blinks!
A bombardier beetle comes into view.
Activating: Oozemancy (26% risk of failure)
Press: ? - help, Dir - look around, f - activate
Okay, then.
Unknown command.
Okay, then.
Casting: Fulminant Prism (astonishingly dangerous; 22% risk of failure)
Confirm with . or Enter, or press ? or * to list all spells.
Aiming: Searing Ray (safe; 1% risk of failure)
Press: ? - help, Shift-Dir - straight line, f - Grinder
Aim: Grinder (lightly wounded, 78% to hit)
The searing ray hits Grinder!
Grinder is moderately wounded. (Press . to maintain the ray.)
You feel very sick.
The searing ray misses Grinder.
* * * LOW HITPOINT WARNING * * *
You feel very sick.
The searing ray hits Grinder.
Grinder is heavily wounded.
You feel very sick. Grinder hits you.
You die...
Grinder says, "Now the real fun starts!"

..##...........#
#..8.8.8...<..#
#B.......8...##
##.........#..#
##.....⌠...)8###
.#..........))##
.......⌠.⌠.⌠).8.#
#............))..###
...........⌠5@..8...#
....................#
...#...8.............#
........#.....#.......#
.............##...#.###
#...............[#.#
###.........##......
##.##...........#...
........##...<..# #


You could see Grinder and a bombardier beetle.

Vanquished Creatures
  An adder (D:3)
  3 gnolls (D:4)
  A ribbon worm (D:3)
  2 dart slugs
  5 orcs (D:3)
  6 bats (D:1)
  3 giant cockroaches
  8 goblins
  4 hobgoblins
  A jackal (D:2)
  4 quokkas
  7 ball pythons
  A frilled lizard (D:1)
  5 kobolds
  3 rats
54 creatures vanquished.

Vanquished Creatures (others)
  Eustachio (D:4)
  A jelly (D:4)
  A ribbon worm (D:2)
  A ball python (D:4)
  3 endoplasms
  A hobgoblin (D:3)
  2 jackals (D:2)
  A kobold (D:2)
  A quokka (D:3)
  2 frilled lizards
  2 rats (D:2)
  A fulminant prism (D:4)
17 creatures vanquished.

Grand Total: 71 creatures vanquished

Notes
Turn   | Place    | Note
-------+----------+-------------------------------------------
     0 | D:1      | Gottschkopf the Deep Elf Conjurer began the quest for the
                  | Orb.
     0 | D:1      | Reached XP level 1. HP: 10/10 MP: 6/6
   264 | D:1      | Reached XP level 2. HP: 15/15 MP: 6/8
   335 | D:1      | Reached skill level 5 in Conjurations
   512 | D:1      | Found a faded altar of an unknown god.
   521 | D:1      | Prayed at the altar of an unknown god.
   521 | D:1      | Became a worshipper of Jiyva Jysepsi the Shapeless
   521 | D:1      | Reached * piety under Jiyva
   894 | D:2      | Identified the +4 ring mail of Limited Liability {rC+
                  | Dex+2}
  1069 | D:2      | Reached XP level 3. HP: 19/19 MP: 6/9
  1076 | D:2      | Reached ** piety under Jiyva
  1629 | D:3      | Found a transporter.
  1630 | D:3      | Noticed a scorpion
  1645 | D:3      | Learned a level 2 spell: Searing Ray
  1823 | D:3      | Reached skill level 6 in Conjurations
  1836 | D:3      | Reached XP level 4. HP: 24/24 MP: 6/10
  1918 | D:3      | Noticed chipmonk's ghost (amateur GrEE)
  2010 | D:3      | Reached *** piety under Jiyva
  2010 | D:3      | Gained mutation: You are partially covered in large bone
                  | plates. (SH +4) [Jiyva's grace]
  2010 | D:3      | Gained mutation: You are mostly covered in large bone
                  | plates. (SH +6) [Jiyva's grace]
  2010 | D:3      | Gained mutation: You are completely covered in large bone
                  | plates. (SH +8) [Jiyva's grace]
  2010 | D:3      | Gained mutation: You are covered in fur. (AC +1) [Jiyva's
                  | grace]
  2010 | D:3      | Found a transporter.
  2315 | D:3      | Learned a level 4 spell: Fulminant Prism
  2353 | D:4      | Killed Eustachio
  2368 | D:4      | Noticed Grinder
  2374 | D:4      | Slain by Grinder

Illustrated notes

Levels and vault maps discovered:
D:1:      ncdulo_halloftheorcs, layout_loops_ring,
          chequers_ecumenical_altar_simple
D:2:      layout_loops_ring, kennysheep_minor_cross
D:3:      layout_basic, gammafunk_ghost_arena, minmay_hedge_maze
D:4:      layout_cave_pools, nemelex_diamond_rough_becter, serial_column_ruins,
          column_ruins_temple_circle, column_ruins_circle_large,
          column_ruins_columns_corner, column_ruins_grid_1, column_ruins_grid_4,
          column_ruins_columns_straight, column_ruins_columns_plus,
          serial_shops, nicolae_take_the_stairs, nicolae_tricolors,
          uniq_natasha, uniq_grinder, uniq_eustachio, uniq_ijyb

Skill      XL: |  1  2  3 |
---------------+----------+-----
Conjurations   | 5 6 |  6.4
Dodging        | |  2.6
Stealth        | |  2.4
Spellcasting   | |  3.0
Alchemy        | |  0.6

Action                     |  1- 3 |  4- 6 || total
---------------------------+-------+-------++-------
  Melee: Unarmed           |     4 |       ||     4
         Punch             |     1 |       ||     1
   Cast: Magic Dart        |    87 |    30 ||   117
         Fulminant Prism   |       |     1 ||     1
         Searing Ray       |       |     1 ||     1
 Armour: Robe              |     5 |     2 ||     7
  Dodge: Dodged            |     7 |       ||     7
